 Dungeon Crawl Stone Soup version 0.28-a0-258-g8de209e91f (webtiles) character file.

Game seed: 7325935200014961456

1266 dolemite99 the Ruffian (level 8, 0/79 HPs)
             Began as a Troll Chaos Knight on Aug 27, 2021.
             Was a Plaything of Xom.
             Slain by an ufetubus (3 damage)
             ... on level 6 of the Dungeon.
             The game lasted 00:05:57 (4621 turns).

dolemite99 the Ruffian (Troll Chaos Knight)         Turns: 4621, Time: 00:05:58

Health: 0/79       AC:  2    Str: 23    XL:     8   Next: 27%
Magic:  7/7        EV: 14    Int:  8    God:    Xom [.*....]
Gold:   255        SH:  0    Dex:  9    Spells: 7/7 levels left

rFire   . . .      SeeInvis .     - Unarmed
rCold   + + .      Faith    .   (no shield)
rNeg    . . .      Spirit   .   a - +2 robe
rPois   .          Reflect  .   (helmet restricted)
rElec   .          Harm     .   (no cloak)
rCorr   .          Rampage  .   (gloves unavailable)
Will    .....      Clarity  +   (boots unavailable)
Stlth   +.........              (no amulet)
HPRegen 1.23/turn               c - ring of protection from cold
MPRegen 0.10/turn               s - +4 ring of evasion {=R}

@: about to teleport, corroded
A: large, unfitting armour, claws 3, regeneration 1, shaggy fur 1, tough skin 1,
clarity, cold resistance 1, wild magic 2
a: Renounce Religion


You were on level 6 of the Dungeon.
You worshipped Xom.
You were a plaything of Xom.
You visited 1 branch of the dungeon, and saw 6 of its levels.

You collected 255 gold pieces.

Inventory:

Hand Weapons
 k - a +1 whip of electrocution
Missiles
 f - 105 arrows
 g - 5 javelins (quivered)
 r - 33 stones
Armour
 a - a +2 robe (worn)
Magical Staves
 m - a staff of fire
Jewellery
 c - a ring of protection from cold (left claw)
 l - a ring of fire
 s - a +4 ring of evasion (right claw) {=R}
Wands
 w - a wand of flame (20)
 x - a wand of digging (4)
Scrolls
 h - a scroll of enchant weapon {unknown}
 j - a scroll of teleportation
 n - a scroll of blinking {unknown}
 o - a scroll of fog {unknown}
 p - 2 scrolls of amnesia {unknown}
 q - a scroll of torment {unknown}
 u - a scroll of vulnerability {unknown}
Potions
 e - a potion of lignification {unknown}
 i - 2 potions of mutation
 t - a potion of haste {unknown}
 v - a potion of attraction {unknown}
 z - 2 potions of brilliance


   Skills:
 - Level 4.7 Fighting
 + Level 4.1 Throwing
 - Level 4.4 Dodging
 + Level 6.2 Unarmed Combat


You had 7 spell levels left.
You didn't know any spells.
Your spell library was empty.

Dungeon Overview and Level Annotations

Branches:
Dungeon (6/15)
 Temple: D:4-7

Altars:
Ru
Xom


Innate Abilities, Weirdness & Mutations

You are too large for most types of armour.
You have claws for hands.
Your natural rate of healing is unusually fast.
You are covered in fur. (AC +1)
You have tough skin. (AC +1)
You possess an exceptional clarity of mind.
Your flesh is cold resistant. (rC+)
Your spells are harder to cast, but more powerful.


Message History

The ufetubus closely misses you.
The ufetubus hits you but does no damage.
You feel better. The ufetubus hits you.
* * * LOW HITPOINT WARNING * * *
The ufetubus closely misses you. The acid dragon closely misses you.
The acid dragon claws you.
* * * LOW HITPOINT WARNING * * *
You feel better. "Hum-dee-hum-dee-hum..."
You are now a plaything of Xom.
The ufetubus hits you.
* * * LOW HITPOINT WARNING * * *
The ufetubus hits you.
* * * LOW HITPOINT WARNING * * *
The acid dragon bites you!
* * * LOW HITPOINT WARNING * * *
The acid dragon misses you. The ufetubus misses you.
The ufetubus barely misses you.
Drop what? 24/52 slots (_ for help) (? for menu, Esc to quit)
Okay, then.
The ufetubus hits you.
* * * LOW HITPOINT WARNING * * *
The ufetubus hits you but does no damage.
You feel better. The ufetubus completely misses you.
The ufetubus hits you but does no damage.
The acid dragon bites you.
* * * LOW HITPOINT WARNING * * *
The acid dragon claws you but does no damage.
The ufetubus completely misses you. The ufetubus hits you.
* * * LOW HITPOINT WARNING * * *
You feel better. The ufetubus hits you.
* * * LOW HITPOINT WARNING * * *
The ufetubus misses you. The acid dragon bites you!
* * * LOW HITPOINT WARNING * * *
The acid dragon barely misses you.
As you read the scroll of teleportation, it crumbles to dust.
You feel strangely unstable. The ufetubus barely misses you.
The ufetubus hits you.
You die...
Xom chuckles heartily!

..................#####........##
.................## #.......<#
#......[.........# ###........#
.......##.......#####...........
....#### #.## #................##
....# .#######.............#
...#### #.##....§§.##..........
....... ......###D#####.........
...####.........@5§...^.........
...#......#.####.######........
............# #.# .........
>............# #.# .#......
.............. #.# .# ...#
............#. #.## .#.#
............#.##..# .#.#
..?.........#..##.## ...#
...................###.#.#


You could see an acid dragon (agile) and an ufetubus.

Vanquished Creatures
  A steam dragon (D:1)
  A water moccasin (D:6)
  A necrophage (D:4)
  A black bear (D:3)
  An ogre (D:6)
  2 centaurs (D:5)
  A kobold brigand (D:6)
  2 scorpions
  A water moccasin skeleton (D:5)
  A bullfrog zombie (D:5)
  A centaur zombie (D:5)
  2 hounds
  A jelly (D:6)
  An orc priest (D:3)
  An iguana (D:6)
  7 adders
  A shadow imp (D:5)
  A white imp (D:5)
  A worm (D:4)
  2 dart slugs (D:1)
  6 orcs
  6 ball pythons
  5 endoplasms (D:2)
  5 giant cockroaches
  4 goblins
  6 hobgoblins
  A jackal (D:2)
  2 quokkas
  7 bats
  A frilled lizard (D:2)
  11 kobolds
  3 rats (D:1)
87 creatures vanquished.

Vanquished Creatures (others)
  5 fungi (D:5)
  26 plants (D:5)
31 creatures vanquished.

Grand Total: 118 creatures vanquished

Notes
Turn   | Place    | Note
-------+----------+-------------------------------------------
     0 | D:1      | dolemite99 the Troll Chaos Knight began the quest for the
                  | Orb.
     0 | D:1      | Reached XP level 1. HP: 22/22 MP: 0/0
    59 | D:1      | XOM: silly message
   354 | D:1      | XOM: silly message
   419 | D:1      | XOM: 3-stop teleportation journey
   425 | D:1      | Reached XP level 2. HP: 29/29 MP: 1/1
   453 | D:1      | Noticed a steam dragon
   453 | D:1      | a bat changed into a steam dragon
   453 | D:1      | XOM: polymorph bat -> steam dragon
   461 | D:1      | Killed a steam dragon
   462 | D:1      | Reached skill level 4 in Unarmed Combat
   462 | D:1      | Reached XP level 3. HP: 26/37 MP: 2/2
   462 | D:1      | Reached XP level 4. HP: 31/45 MP: 3/3
   462 | D:1      | Reached XP level 5. HP: 37/53 MP: 4/4
   605 | D:1      | XOM: give mutations
   605 | D:1      | Gained mutation: Your spells are a little harder to cast,
                  | but a little more powerful. [Xom's grace]
   605 | D:1      | Gained mutation: Your spells are harder to cast, but more
                  | powerful. [Xom's grace]
   605 | D:1      | Gained mutation: Your flesh is cold resistant. (rC+) [Xom's
                  | grace]
   605 | D:1      | Gained mutation: You possess an exceptional clarity of
                  | mind. [Xom's grace]
   770 | D:1      | Found a faded altar of an unknown god.
   994 | D:2      | XOM: smoke on damage
  1152 | D:2      | XOM is BORED!
  1152 | D:2      | XOM: noise
  1295 | D:2      | XOM: blink monster(s)
  1571 | D:2      | XOM: silly message
  1597 | D:2      | XOM: silly message
  1712 | D:3      | XOM: 11-stop teleportation journey
  1746 | D:3      | XOM is BORED!
  2006 | D:3      | XOM: god gift: scroll labelled QOGU XOIME {god gift}
  2404 | D:4      | Noticed a black bear
  2546 | D:3      | Killed a black bear
  2547 | D:3      | Reached skill level 1 in Throwing
  2547 | D:3      | Reached XP level 6. HP: 51/62 MP: 5/5
  2781 | D:4      | XOM: scenery: create altars
  2840 | D:4      | XOM: 4-stop teleportation journey
  3014 | D:4      | XOM: 5-stop teleportation journey
  3265 | D:4      | XOM is BORED!
  3265 | D:4      | XOM: summons 3 hostile demons
  3266 | D:4      | Noticed a ynoxinul
  3365 | D:4      | XOM: scenery: summon butterflies
  3409 | D:5      | Entered Level 5 of the Dungeon
  3422 | D:5      | Reached XP level 7. HP: 70/70 MP: 6/6
  3558 | D:5      | Found a sacrificial altar of Ru.
  3587 | D:5      | Found a sacrificial altar of Ru.
  3910 | D:5      | Noticed a gargoyle
  3910 | D:5      | XOM: 1-stop teleportation journey
  3912 | D:5      | XOM: potion effect (haste)
  4029 | D:5      | XOM: silly message
  4108 | D:6      | XOM: potion effect (brilliance)
  4110 | D:6      | Reached skill level 5 in Unarmed Combat
  4238 | D:6      | XOM: silly message
  4247 | D:6      | XOM: noise
  4289 | D:6      | Reached XP level 8. HP: 76/79 MP: 7/7
  4304 | D:6      | Reached skill level 6 in Unarmed Combat
  4588 | D:6      | XOM is BORED!
  4588 | D:6      | XOM: summons 3 hostile shadow creatures
  4608 | D:6      | XOM: polymorph steam dragon -> acid dragon
  4612 | D:6      | XOM: enchant monster (bad)
  4613 | D:6      | XOM: smoke on damage
  4617 | D:6      | XOM: enchant monster (bad)
  4617 | D:6      | HP: 3/79 [acid dragon (11)]
  4620 | D:6      | HP: 1/79 [acid dragon (9)]
  4621 | D:6      | Slain by an ufetubus

Illustrated notes

Levels and vault maps discovered:
D:1:      minmay_arrival_four_houses, layout_basic,
          ebering_ecumenical_altar_hall, grunt_decor_fettered,
          minmay_misc_feat_plants
D:2:      layout_rooms, st_stairs_5, minmay_fractal_squares_gapless_5
D:3:      layout_basic
D:4:      layout_loops_ring
D:5:      layout_loops_cross, nicolae_ru_the_path_less_chosen, serial_bayou,
          serial_bayou_pond_e, serial_bayou_lake_a, serial_bayou_pond_b,
          serial_bayou_pond_e, kennysheep_flooded_box
D:6:      layout_rooms, minmay_misc_feat_encased

Skill      XL: |  1  2  3  4  5  6  7  8 |
---------------+-------------------------+-----
Dodging        | 2 3 4 |  4.4
Fighting       | 3 4 |  4.7
Unarmed Combat | 4 5 6 |  6.2
Throwing       | 1 2 3 4 |  4.1

Action                   |  1- 3 |  4- 6 |  7- 9 || total
-------------------------+-------+-------+-------++-------
Melee: Unarmed           |    33 |   127 |    83 ||   243
       Punch             |       |     2 |     3 ||     5
Throw: Javelin           |       |    27 |     9 ||    36
  Use: Scroll            |       |     1 |     5 ||     6
       Potion            |       |       |     4 ||     4
 Stab: Sleeping          |     1 |       |     1 ||     2
Armor: Robe              |    17 |    56 |    55 ||   128
Dodge: Dodged            |    24 |    74 |   110 ||   208

Table legend: (Time is in decaauts)
 A = Elapsed time spent in this place.
 B = Non-inter-level travel time spent in this place.
 C = Inter-level travel time spent in this place.
 D = Time resting spent in this place.
 E = Time spent auto-exploring this place.
 F = Levels seen in this place.
 G = Mean time per level.
                   A        B        C        D        E       F      G
               +--------+--------+--------+--------+--------+-----+--------+
         Total |   4601 |   4409 |    192 |   1044 |   2404 |   6 |  766.8 |
       Dungeon |   4601 |   4409 |    192 |   1044 |   2404 |   6 |  766.8 |
               +--------+--------+--------+--------+--------+-----+--------+

Top non-repeatable levels by time:
     D:1: 1093 daAuts
     D:3: 1038 daAuts
     D:4: 756 daAuts
     D:5: 724 daAuts
     D:2: 522 daAuts
     D:6: 465 daAuts
